 Dungeon Crawl Stone Soup version 0.29.1-12-g30fa7ad0bf (webtiles) character file.

Game seed: 17445466672636979221

368 RapScallion the Chopper (level 6, 0/56 HPs)
             Began as a Hill Orc Fighter on Jan 12, 2023.
             Was a Believer of Wu Jian.
             Slain by a gnoll
             ... wielding a +0 halberd
              (10 damage)
             ... on level 4 of the Dungeon.
             The game lasted 00:20:52 (4406 turns).

RapScallion the Chopper (Hill Orc Fighter)          Turns: 4406, Time: 00:20:53

Health: 0/56       AC:  7    Str: 21    XL:     6   Next: 69%
Magic:  0/6        EV:  9    Int:  8    God:    Wu Jian [**....]
Gold:   154        SH:  4    Dex: 10    Spells: 5/5 levels left

rFire   . . .      SeeInvis .   a - +0 war axe
rCold   . . .      Faith    .   c - +0 buckler
rNeg    . . .      Spirit   .   b - +0 scale mail
rPois   .          Reflect  .   (no helmet)
rElec   .          Harm     .   (no cloak)
rCorr   .          Rampage  .   (no gloves)
Will    .....                   (no boots)
Stlth   ..........              (no amulet)
HPRegen 0.18/turn               (no ring)
MPRegen 0.10/turn               (no ring)

@: no status effects
A: no striking features
a: Renounce Religion, Wall Jump


You were on level 4 of the Dungeon.
You worshipped Wu Jian.
Wu Jian was pleased with you.
You visited 1 branch of the dungeon, and saw 4 of its levels.

You collected 154 gold pieces.

Inventory:

Hand Weapons
 a - a +0 war axe (weapon)
 r - a +2 whip of flaming
Missiles
 k - 4 poisoned darts (quivered)
Armour
 b - a +0 scale mail (worn)
 c - a +0 buckler (worn)
Scrolls
 e - 3 scrolls of identify
 i - 3 scrolls of immolation
 l - 2 scrolls of poison
 m - a scroll of torment
 s - a scroll of fear {unknown}
Potions
 d - 3 potions of might
 f - 3 potions of curing
 g - 2 potions of mutation
 j - a potion of cancellation
 n - a potion of resistance
 o - a potion of brilliance
 p - a potion of magic
 q - a potion of haste


   Skills:
 + Level 5.2 Fighting
 + Level 5.5 Axes
 + Level 4.7 Armour
 + Level 1.2 Dodging
 + Level 0.1 Stealth
 + Level 4.2 Shields


You had 5 spell levels left.
You didn't know any spells.
Your spell library contained the following spells:

 Spells                   Type           Power      Damage    Failure   Level
 Call Canine Familiar     Summ           0%         N/A       99%         3
 Portal Projectile        Hex/Tloc       0%         N/A       99%         3
 Leda's Liquefaction      Hex/Erth       0%         N/A       100%        4


Dungeon Overview and Level Annotations

Branches:
Dungeon (4/15)
 Temple: D:4-7

Altars:
Wu Jian
Xom

Annotations:
D:3 Grinder


Message History

The adder is severely wounded.
The adder closely misses you. x2
You slash the adder!
You kill the adder!
The Council accepts your kill.
You hit the kobold but do no damage. The kobold hits you but does no damage.
You hit the kobold.
You kill the kobold!
The Council accepts your kill.
You start resting.
HP restored.
You now have 154 gold pieces (gained 10).
Things that are here:
a +0 robe; a +0 dagger
There is a stone staircase leading down, spattered with blood here.
You see here an adder skeleton.
There is a stone staircase leading down, spattered with blood here.
You climb downwards.
There is a stone staircase leading up here.
The gnoll hits you with a +0 antimagic halberd!
You feel your power leaking away.
You barely miss the gnoll. You slash the gnoll! The gnoll misses you.
You block the gnoll's attack. The gnoll hits you with a +0 spear.
You slash the gnoll!
You kill the gnoll!
The Council accepts your kill.
You hit the gnoll but do no damage.
The gnoll hits you from afar with a +0 halberd!
The gnoll closely misses you.
You closely miss the gnoll.
The gnoll is heavily wounded.
The gnoll barely misses you.
The gnoll hits you with a +0 antimagic halberd.
The gnoll completely misses you.
The gnoll hits you with a +0 antimagic halberd!
* * * LOW HITPOINT WARNING * * *
There is a stone staircase leading up here.
You can't go down here!
The gnoll hits you from afar with a +0 halberd!
You die...

#.#....#### .#
#.#.......# ..#
##.........# ...#
(.............###...#
#
##.####.............#
# #
#..........(..########
#.........#####.....#.
#.............#.###.##
#....@....#####...#§§§
#.##.#.)..#####._.#§§§
#. #..g.....[.#...#§§§
# ###g.####.##.###§#§
#.####..# ##.....#.
#.......# #######.
######.## #..... #[##
#..... #).# #.....


You could see 2 gnolls.

Vanquished Creatures
  An orc priest (D:4)
  An iguana (D:2)
  Natasha (thrice) (D:3 D:4)
  2 orc wizards
  5 gnolls
  7 adders
  2 dart slugs
  9 orcs
  8 ball pythons
  7 endoplasms
  4 giant cockroaches
  A goblin (D:3)
  A hobgoblin (D:1)
  5 jackals
  2 quokkas
  5 bats
  5 frilled lizards
  6 kobolds
  3 rats
77 creatures vanquished.

Vanquished Creatures (others)
  7 plants (D:4)
7 creatures vanquished.

Grand Total: 84 creatures vanquished

Notes
Turn   | Place    | Note
-------+----------+-------------------------------------------
     0 | D:1      | RapScallion the Hill Orc Fighter began the quest for the
                  | Orb.
     0 | D:1      | Reached XP level 1. HP: 19/19 MP: 1/1
     6 | D:1      | Noticed a polar bear
     6 | D:1      | Noticed a rime drake
     6 | D:1      | Noticed an iguana
     6 | D:1      | Noticed a redback
     6 | D:1      | Noticed a lindwurm
   298 | D:1      | Reached XP level 2. HP: 21/27 MP: 2/2
   555 | D:1      | Found a faded altar of an unknown god.
   572 | D:1      | Prayed at the altar of an unknown god.
   572 | D:1      | Became a worshipper of the Wu Jian Council
   572 | D:1      | Reached * piety under Wu Jian
  1691 | D:2      | Reached XP level 3. HP: 33/33 MP: 3/3
  2340 | D:2      | Reached XP level 4. HP: 40/40 MP: 4/4
  2580 | D:3      | Reached ** piety under Wu Jian
  3110 | D:2      | Reached XP level 5. HP: 37/47 MP: 5/5
  3279 | D:3      | Reached skill level 1 in Dodging
  3291 | D:3      | Noticed Grinder
  3354 | D:3      | Noticed Natasha
  3363 | D:3      | Killed Natasha
  3611 | D:3      | Noticed Natasha
  3617 | D:3      | Killed Natasha
  3674 | D:3      | Noticed Natasha
  3690 | D:4      | Killed Natasha
  3691 | D:4      | Reached skill level 5 in Fighting
  3691 | D:4      | Reached skill level 5 in Axes
  3691 | D:4      | Reached XP level 6. HP: 43/56 MP: 6/6
  4044 | D:4      | Found a shimmering altar of Xom.
  4406 | D:4      | Slain by a gnoll

Illustrated notes

Levels and vault maps discovered:
D:1:      onia_arrival_zoo_common, layout_loops_corners,
          ebering_ecumenical_altar_box, columned_hall_lemuel, dk_noncrumbling_3
D:2:      layout_loops_corners, kennysheep_path_1
D:3:      layout_rooms, uniq_natasha, uniq_grinder
D:4:      layout_loops_cross, mainiacjoe_overflow_alcove_4, serial_bayou_ford_a

Skill      XL: |  1  2  3  4  5 |
---------------+----------------+-----
Axes           | 3 4 5 |  5.5
Armour         | 4 |  4.7
Shields        | 4 |  4.2
Fighting       | 4 5 |  5.2
Dodging        | 1 |  1.2
Stealth        | |  0.1

Action                   |  1- 3 |  4- 6 || total
-------------------------+-------+-------++-------
Melee: War axe           |   112 |   158 ||   270
Invok: Whirlwind         |     5 |       ||     5
       Lunge             |     4 |    16 ||    20
  Use: Scroll            |     2 |    10 ||    12
       Potion            |       |     1 ||     1
Armor: Scale mail        |    59 |    70 ||   129
Dodge: Dodged            |    52 |    86 ||   138
Block: Buckler           |    47 |    40 ||    87
